Match 45463431
Unlisted

Match 45463431
End
Construct Infanterie Kompanie
MG 42 Machine Gun Team
Grenadier Squad
Selects Terror Battlegroup
Selects Machine Gun Camouflage
MG 42 Machine Gun Team
Construct Luftwaffe Kompanie
Jäger Squad
Selects Contempt for the Weak
Jäger Squad
Support Elements
Wirbelwind Flakpanzer
Construct Panzer Kompanie
Selects No Quarter
Medical Bunker
Panzer IV Medium Tank
Jäger Squad
Selects Propaganda Leaflet Drop
Panzer IV Medium Tank
Panzer Officer Quarters
72ebel
[EC] Comrade Sniper
Dark Lord Cthulhu
MrZiehr
Mortus
저글링
R0707
Markie21marc
0
0

Comments sign in to comment!

No comments posted yet!